Workbook

Sheet CLIENTS
A1: CLIENTS
A3: DATE | B3: N° de facture | C3: TRANSAC | D3: CLIENTS | E3: Échéances | F3: HT | G3: TVA | H3: TTC | I3: Réglé
A5: JANVIER
A7: 21.01.2026 | B7: 3901-0126 | C7: JPC260103 | D7: GEMINI | E7: 21.02.2026 | F7: 2105.4 | G7: 0 | H7: =F7+G7 -> 2105.4 | I7: Payé le 17.02.2026
A8: 21.01.2026 | B8: 3902-0126 | C8: JPC260108 | D8: GEMINI | E8: 21.02.2026 | F8: 2015.2 | G8: 0 | H8: =F8+G8 -> 2015.2 | I8: Payé le 17.02.2026
A9: 23.01.2026 | B9: 3903-0126 | C9: SL260103 | D9: EUREKA PLAST | E9: 22.02.2026 | F9: 18248.93 | G9: 0 | H9: =SUM(F9:G9) -> 18248.93 | I9: Payé le 25.02.2026
A10: 27.01.2026 | B10: 3904-0126 | C10: SL260101 | D10: GEMINI | E10: 26.02.2026 | F10: 1914.6 | G10: 0 | H10: =SUM(F10:G10) -> 1914.6 | I10: Payé le 24.02.2026
A11: 31.01.2026 | B11: 3905-0126 | C11: SL260102 | D11: ESE France | E11: 02.03.2026 | F11: 15469.7 | G11: =F11*20% -> 3093.94 | H11: =SUM(F11:G11) -> 18563.64 | I11: Payé le 04.03.2026
A12: 31.01.2026 | B12: 3906-0126 | C12: SL260104 & SL260105 | D12: NOREVAL | E12: 28.02.2026 | F12: 1107.7 | G12: =F12*20% -> 221.54 | H12: =SUM(F12:G12) -> 1329.24 | I12: Payé le 16.03.2026
A13: 31.01.2026 | B13: 3907-0126 | C13: JPC260101,0105,0107,0109,0110,0112 | D13: SFP | E13: 15.03.2026 | F13: 7268.5 | G13: =F13*0.2 -> 1453.7 | H13: =F13+G13 -> 8722.2 | I13: Payé le 16.03.2026
A14: 31.01.2026 | B14: 3908-0126 | C14: JPC260104 | D14: VÉOLIA PMG | E14: 28.02.2026 | F14: 9657.68 | G14: =F14*0.2 -> 1931.536 | H14: =F14+G14 -> 11589.216 | I14: Payé le 02.03.2026
A15: 31.01.2026 | B15: 3909-0126 | C15: JPC260106 | D15: NEVEUX | E15: 15.03.2026 | F15: 16359.18 | G15: =F15*0.2 -> 3271.836 | H15: =F15+G15 -> 19631.016 | I15: Payé le 24.03.2026
A16: 31.01.2026 | B16: 3910-0126 | C16: JPC260111 | D16: GEMINI | E16: 03.03.2026 | F16: 1962.4 | G16: 0 | H16: =F16+G16 -> 1962.4 | I16: Payé le 02.03.2026
A17: 31.01.2026 | B17: 3911-0126 | C17: PRESTATIONS JANVIER MAROLLES | D17: EAUREAU-SOURCES | E17: 30.03.2026 | F17: 4836.45 | G17: =F17*0.2 -> 967.29 | H17: =F17+G17 -> 5803.74 | I17: Payé le 16.04.2026
A18: 31.11-0126 | B18: 3912-0126 | C18: PRESTATIONS JANVIER HERMES | D18: EAUREAU-SOURCES | E18: 30.03.2026 | F18: 1076.26 | G18: =F18*0.2 -> 215.252 | H18: =F18+G18 -> 1291.512 | I18: Payé le 16.04.2026
A19: 31.01.2026 | B19: 3913-0126 | C19: JPC260113 | D19: ARFP | E19: 31.03.2026 | F19: 725 | G19: =F19*0.2 -> 145 | H19: =F19+G19 -> 870 | I19: Payé le 01.04.2026
A20: 31.01.2026 | B20: 3914-0126 | C20: SL260104 & SL260105 | D20: CULLIGAN | E20: 31.03.2026 | F20: 620 | G20: =F20*20% -> 124 | H20: =SUM(F20:G20) -> 744 | I20: Payé le 16.09.2026
A21: 31.01.2026 | B21: 3915-0126 | C21: JPC260113 | D21: EUREAU SOURCES MONTEUX | E21: 31.03.2026 | F21: 700 | G21: =F21*20% -> 140 | H21: =SUM(F21:G21) -> 840 | I21: Payé le 06.05.2026
A22: 31.01.2026 | B22: 3916-0126 | C22: JPC260110 | D22: NOVALY
A24: TOTAL | F24: =SUM(F6:F23) -> 84067 | G24: =SUM(G6:G23) -> 11564.094 | H24: =SUM(H6:H23) -> 95631.094
A25: FEVRIER
A27: 13.02.2026 | B27: 3917-0226 | C27: JPC260202 | D27: TTPLAST | E27: 27.02.2026 | F27: 4571.5 | G27: 0 | H27: =F27+G27 -> 4571.5 | I27: Payé le 23.02.2026
A28: 16.02.2026 | B28: 3918-0226 | C28: SL260202 | D28: GEMINI | E28: 18.03.2026 | F28: 2538.2 | G28: 0 | H28: 2538.2 | I28: Payé le 16.03.2026
A29: 16.02.2026 | B29: 3919-0226 | C29: SL260203 | D29: RECYTHERM | E29: 30.04.2026 | F29: 3703.83 | G29: =F29*20% -> 740.766 | H29: =SUM(F29:G29) -> 4444.596 | I29: Payé le 05.05.2026 -AV3926
A30: 17.02.2026 | B30: 3920-0226 | C30: JPC260207 | D30: GEMINI | E30: 17.03.2026 | F30: 2003.4 | G30: 0 | H30: =SUM(F30:G30) -> 2003.4 | I30: Payé 23.03.2026
A31: 23.02.2026 | B31: 3921-0226 | C31: SL260206 | D31: GEMINI | E31: 23.03.2026 | F31: 1872.6 | G31: 0 | H31: 1872.6 | I31: Payé le 23.03.2026
A32: 23.02.2026 | B32: 3922-0226 | C32: SL260204 | D32: RECYTHERM | E32: 30.04.2026 | F32: 283.98 | G32: =F32*20% -> 56.796 | H32: =SUM(F32:G32) -> 340.776 | I32: Payé le 05.05.2026
A33: 25.02.2026 | B33: 3923-0226 | C33: SL260207 | D33: GEMINI | E33: 25.03.2026 | F33: 3029.9 | G33: =0 -> 0 | H33: =F33 -> 3029.9 | I33: Payé le 24.03.2026
A34: 25.02.2026 | B34: 3924-0226 | C34: SL260205 | D34: ESE France | E34: 27.03.2026 | F34: 17207.1 | G34: =F34*20% -> 3441.42 | H34: =SUM(F34:G34) -> 20648.52 | I34: Payé le 01.04.2026
A35: 26.02.2026 | B35: 3925-0226 | C35: SL260208 | D35: ESE France | E35: 28.03.2026 | F35: 16835.85 | G35: =F35*20% -> 3367.17 | H35: =SUM(F35:G35) -> 20203.02 | I35: Payé le 07.04.2026
A36: 26.02.2026 | B36: 3926-0226 | C36: SL260203 ( Avoir sur facture 3919 suite erreur prix + NCF) | D36: RECYTHERM | E36: 30.04.2026 | F36: -701.61 | G36: =F36*20% -> -140.322 | H36: =SUM(F36:G36) -> -841.932 | I36: Déduit le 05.05.2026
A37: 26.02.2026 | B37: 3927-0226 | C37: SL260203 (NCF + Frais part Recyclage) | D37: PAPREC | E37: 28.03.2026 | F37: 805.08 | G37: =F37*20% -> 161.016 | H37: =SUM(F37:G37) -> 966.096 | I37: Payé le 17.04.2026
A38: 26.02.2026 | B38: 3928-0226 | C38: SL260204 ( Frais Part au recyclage) | D38: PAPREC | E38: 28.03.2026 | F38: 567.96 | G38: =F38*20% -> 113.592 | H38: =SUM(F38:G38) -> 681.552 | I38: Payé le 17.04.2026
A39: 27.02.2023 | B39: 3929-0226 | C39: JPC260211 | D39: TTPLAST | E39: 13.03.2026 | F39: 5202.62 | G39: 0 | H39: =SUM(F39:G39) -> 5202.62 | I39: Payé le 16.03.2026
A40: 27.02.2026 | B40: 3930-0226 | C40: JPC260201, JPC260206 & JPC260214 | D40: SFP | E40: 15.04.2026 | F40: 4066.75 | G40: =F40*0.2 -> 813.35 | H40: =F40+G40 -> 4880.1 | I40: Payé le 27.04.2026
A41: 27.02.2026 | B41: 3931-0226 | C41: JPC260204,JPC260212,JPC260215 | D41: PAPI | E41: 15.04.2026 | F41: 6188.7 | G41: =F41*0.2 -> 1237.74 | H41: =F41+G41 -> 7426.44 | I41: Payé le 13.04.2026
A42: 27.02.2026 | B42: 3932-0226 | C42: JPC260205 | D42: BUTIN | E42: 15.04.2026 | F42: 445.38 | G42: =F42*0.2 -> 89.076 | H42: =F42+G42 -> 534.456 | I42: Payé le 05.05.2026
A43: 27.02.2026 | B43: 3933-0226 | C43: JPC260208 | D43: NEVEUX | E43: 15.04.2026 | F43: 17452.5 | G43: =F43*0.2 -> 3490.5 | H43: =F43+G43 -> 20943 | I43: Payé le 21.04.2026
A44: 27.02.2026 | B44: 3934-0226 | C44: JPC260209 | D44: ESE France | E44: 27.03.2026 | F44: 14762.2 | G44: =F44*0.2 -> 2952.44 | H44: =F44+G44 -> 17714.64 | I44: Payé le 28.04.2026
A45: 27.02.2026 | B45: 3935-0226 | C45: JPC260210 | D45: ESE France | E45: 27.03.2026 | F45: 12127.2 | G45: =F45*0.2 -> 2425.44 | H45: =F45+G45 -> 14552.64 | I45: Payé le 28.04.2026
A46: 27.02.2026 | B46: 3936-0226 | C46: JPC260213 | D46: TOUSSAC | E46: 15.04.2026 | F46: 4794 | G46: 0 | H46: =F46+G46 -> 4794 | I46: Payé le 24.04.2026
A47: 27.02.2026 | B47: 3937-0226 | C47: JPC260215 | D47: ARFP | E47: 30.04.2026 | F47: 236.7 | G47: =F47*0.2 -> 47.34 | H47: =F47+G47 -> 284.04 | I47: Payé le 05.05.2026
A48: 28.02.2026 | B48: 3838-0226 | C48: MAROLLES | D48: EUREAU-SOURCES | E48: 30.04.2026 | F48: 4405.72 | G48: =F48*0.2 -> 881.144 | H48: =F48+G48 -> 5286.864 | I48: Payé le 06.05.2026
A49: 28.02.2026 | B49: 3939-0226 | C49: HERMES | D49: EUREAU-SOURCES | E49: 30.04.2026 | F49: 1151.79 | G49: =F49*0.2 -> 230.358 | H49: =F49+G49 -> 1382.148 | I49: Payé le 06.05.2026
A51: TOTAL | F51: =SUM(F26:F50) -> 123551.35 | G51: =SUM(G26:G50) -> 19907.826 | H51: =SUM(H26:H50) -> 143459.18
A52: MARS
A53: 02.03.2026 | B53: 3940-0326 | C53: JPC260216 | D53: TTPLAST | E53: 17.03.2026 | F53: 2969.01 | G53: 0 | H53: =F53+G53 -> 2969.01 | I53: Payé le 16.03.2026
A54: 06.03.2026 | B54: 3941-0326 | C54: SL260301 | D54: GEMINI | E54: 05.04.2026 | F54: 2203.2 | G54: 0 | H54: =F54+G54 -> 2203.2 | I54: Payé le 08.04.2026
A55: 17.03.2026 | B55: 3942-0326 | C55: Refacturation escompte s/3929-0226 | D55: TTPLAST | E55: 31.03.2026 | F55: 106.18 | G55: 0 | H55: =F55+G55 -> 106.18 | I55: Payé le 07.04.2026
A56: 17.03.202 | B56: 3943-0326 | C56: JPC260303 | D56: GEMINI | E56: 17.04.2026 | F56: 2056.2 | G56: 0 | H56: =F56+G56 -> 2056.2 | I56: Payé le 14.04.2026
A57: 17.03.2026 | B57: 3944-0326 | C57: JPC260308 | D57: GEMINI | E57: 17.04.2026 | F57: 2389.7 | G57: 0 | H57: =F57+G57 -> 2389.7 | I57: Payé le 14.04.2026
A58: 17.03.2026 | B58: 3945-0326 | C58: JPC260304 | D58: GEMINI | E58: 17.04.2026 | F58: 410.4 | G58: 0 | H58: =F58+G58 -> 410.4 | I58: Payé le 14.04.2026
A59: 24.03.2026 | B59: 3946-0326 | C59: SL260303 | D59: GEMINI | E59: 23.04.2026 | F59: 4657.5 | G59: 0 | H59: =F59+G59 -> 4657.5 | I59: Payé le 21.04.2026
A60: 25.03.2026 | B60: 3947-0326 | C60: JPC260305 | D60: GEMINI | E60: 25.04.2026 | F60: 421.8 | G60: 0 | H60: =F60+G60 -> 421.8 | I60: Payé le 23.04.2026
A61: 30.03.2026 | B61: 3948-0326 | C61: SL260306 | D61: GEMINI | E61: 29.04.2026 | F61: 494.4 | G61: 0 | H61: =F61+G61 -> 494.4 | I61: Payé le 27.04.2026
A62: 31.03.2026 | B62: 3949-0326 | C62: JPC260314 | D62: TTPLAST | E62: 15.04.2026 | F62: 4154.42 | G62: 0 | H62: =F62+G62 -> 4154.42 | I62: Payé le 13.04.2026
A63: 31.03.2026 | B63: 3950-0326 | C63: JPC260309 | D63: PAPI | E63: 15.05.2026 | F63: 2638.55 | G63: =F63*0.2 -> 527.71 | H63: =F63+G63 -> 3166.26 | I63: Payé le 13.05.2026
A64: 31.03.2026 | B64: 3951-0326 | C64: JPC260302, 260310 & 260312 | D64: RECYTHERM | E64: 15.05.2026 | F64: 5163.47 | G64: =F64*0.2 -> 1032.694 | H64: =F64+G64 -> 6196.164 | I64: Payé le 28.05.2026
A65: 31.03.2026 | B65: 3952-0326 | C65: JPC260311 | D65: GEMINI | E65: 15.05.2026 | F65: 2548.4 | G65: 0 | H65: =F65+G65 -> 2548.4 | I65: Payé le 07.05.2026
A66: 31.03.2026 | B66: 3953-0326 | C66: SL260306 | D66: EUREAUSOURCES ( 37) | E66: 15.05.2026 | F66: 877.2 | G66: =F66*20% -> 175.44 | H66: =F66+G66 -> 1052.64 | I66: Payé le 29.05.2026
A67: 31.03.2026 | B67: 3954-0326 | C67: SL260305 | D67: EUREAUSOURCES (84) | E67: 15.05.2026 | F67: 2351 | G67: =F67*20% -> 470.2 | H67: =F67+G67 -> 2821.2 | I67: Payé le 29.05.2026
A68: 31.03.2025 | B68: 3955-0326 | C68: SL260305 | D68: GEMINI | E68: 30.04.2026 | F68: 276 | G68: 0 | H68: =F68+G68 -> 276 | I68: Payé le 27.04.2026
A69: 31.03.2026 | B69: 3956-0326 | C69: JPC260306 & JPC260307 | D69: ARFP | E69: 31.O5.2026 | F69: 2030.9 | G69: =F69*0.2 -> 406.18 | H69: =F69+G69 -> 2437.08 | I69: Payé le 02.06.2026
A70: 31.03.2026 | B70: 3957-0326 | C70: AV s/facture nº3890-1225 | D70: SFP | E70: IMMEDIAT | F70: -1310.5 | G70: -262.1 | H70: =F70+G70 -> -1572.6
A71: 31.03.2026 | B71: 3958-0326 | C71: SL260304 | D71: ARFP | E71: 30.05.2026 | F71: 529 | G71: =F71*20% -> 105.8 | H71: =F71+G71 -> 634.8 | I71: Payé le 02.06.2026
A72: 31.03.2026 | B72: 3959-0326 | C72: HERMES | D72: EUREAU-SOURCES | E72: 31.05.2026 | F72: 2195.54 | G72: =F72*0.2 -> 439.108 | H72: =F72+G72 -> 2634.648 | I72: Payé le 29.05.2026
A73: 31.03.2026 | B73: 3960-0326 | C73: MAROLLES | D73: EUREAU-SOURCES | E73: 31.05.2026 | F73: 7433.79 | G73: =F73*0.2 -> 1486.758 | H73: =F73+G73 -> 8920.548 | I73: Payé le 29.05.2026
H74: =F74+G74 -> 0
A75: TOTAL | F75: =SUM(F53:F74) -> 44596.16 | G75: =SUM(G53:G74) -> 4381.79 | H75: =SUM(H53:H74) -> 48977.95
A76: AVRIL
A77: 14.04.2026 | B77: 3961-0426 | C77: JPC260313 | D77: VÉOLIA PMG | E77: 31.05.2026 | F77: 10273.44 | G77: =F77*0.2 -> 2054.688 | H77: =F77+G77 -> 12328.128 | I77: Payé le 29.05.2026
A78: 14.04.2026 | B78: 3962-0426 | C78: JPC260315 | D78: GEMINI | E78: 14.05.2026 | F78: 2958 | G78: 0 | H78: =F78+G78 -> 2958 | I78: Payé le 14.05.2026
A79: 14.04.2026 | B79: 3963-0426 | C79: JPC260401 | D79: NEVEUX | E79: 30.06.2026 | F79: 16968.9 | G79: =F79*0.2 -> 3393.78 | H79: =F79+G79 -> 20362.68 | I79: Payé le 03.07.2026 - PB DE QUALITÉ
A80: 14.04.2026 | B80: 3964-0426 | C80: JPC260404 | D80: GEMINI | E80: 14.05.2026 | F80: 3143.6 | G80: 0 | H80: =F80+G80 -> 3143.6 | I80: Payé le 14.05.2026
A81: 17.04.2026 | B81: 3965-0426 | C81: JPC260402 | D81: GEMINI | E81: 17.05.2026 | F81: 422.4 | G81: 0 | H81: =F81+G81 -> 422.4 | I81: Payé le 14.05.2026
A82: 17.04.2026 | B82: 3966-0426 | C82: SL260302 | D82: ESE France | E82: 17.05.2026 | F82: 6765.52 | G82: =F82*20% -> 1353.104 | H82: =SUM(F82:G82) -> 8118.624 | I82: Payé le 19.05.2026
A83: 23.04.2026 | B83: 3967-0426 | C83: SL260407 | D83: GEMINI | E83: 23.05.2026 | F83: 3398 | G83: 0 | H83: 3398 | I83: Payé le 20.05.2026
A84: 24.04.2026 | B84: 3968-0426 | C84: SL260402 | D84: PAPI | E84: 15.06.2026 | F84: 8706.55 | G84: =F84*20% -> 1741.31 | H84: =SUM(F84:G84) -> 10447.86 | I84: Payé le 12.06.2026
A85: 24.04.2026 | B85: 3969-0426 | C85: Avoir s/facture nº3878-1125 | D85: NOVALY | E85: IMMEDIAT | F85: -1150 | G85: -230 | H85: -1380
A86: 24.04.2026 | B86: 3970-0426 | C86: Livraison SFP - Sept & Oct 2025 | D86: NOVALY | E86: IMMEDIAT | F86: 1150 | G86: =F86*0.2 -> 230 | H86: =F86+G86 -> 1380 | I86: Payé le 29.05.2026
A87: 27.04.2026 | B87: 3971-0426 | C87: JPC260407 | D87: GEMINI | E87: 27.05.2026 | F87: 3481.3 | G87: 0 | H87: =F87+G87 -> 3481.3 | I87: Payé le 26.05.2026
A88: 30.04.2026 | B88: 3972-0426 | C88: Livraison PS du mois d'avril | D88: RECYTHERM | E88: 30.06.2026 | F88: 9952.43 | G88: =F88*0.2 -> 1990.486 | H88: =F88+G88 -> 11942.916 | I88: Payé le 01.07.2026
A89: 30.04.2026 | B89: 3973-0426 | C89: SL260403 | D89: PAPI | E89: 15.06.2026 | F89: 8964.95 | G89: =F89*20% -> 1792.99 | H89: =F89+G89 -> 10757.94 | I89: Payé le 12.06.2026
A90: 30.04.2026 | B90: 3974-0426 | C90: JPC260411 | D90: GEMINI | E90: 30.05.2026 | F90: 1835.3 | G90: 0 | H90: =F90+G90 -> 1835.3 | I90: Payé le 29.05.2026
A91: 30.04.2026 | B91: 3975-0426 | C91: JPC260411 | D91: REVIPLAST | E91: 15.06.2026 | F91: 45.9 | G91: =F91*0.2 -> 9.18 | H91: =F91+G91 -> 55.08 | I91: Payé le 15.06.2026
A92: 30.04.2026 | B92: 3976-0426 | C92: JPC260405 | D92: NEVEUX | E92: 15.07.2026 | F92: 18021.6 | G92: =F92*0.2 -> 3604.32 | H92: =F92+G92 -> 21625.92 | I92: Payé le 20.07.2026
A93: 30.04.2026 | B93: 3977-0426 | C93: JPC260409 | D93: SFP | E93: 15.06.2026 | F93: 290 | G93: =F93*0.2 -> 58 | H93: =F93+G93 -> 348
A94: 30.04.2026 | B94: 3978-0425 | C94: JPC260412 BIS | D94: PAPI | E94: 15.06.2026 | F94: 2103.5 | G94: =F94*0.2 -> 420.7 | H94: =F94+G94 -> 2524.2 | I94: Payé le 12.06.2026
A95: 30.04.2026 | B95: 3979-0426 | C95: JPC260412BIS | D95: ARFP | E95: 30.06.2026 | F95: 359.49 | G95: =F95*0.2 -> 71.898 | H95: =F95+G95 -> 431.388 | I95: Payé le 01.07.2026
A96: 30.04.2026 | B96: 3980-0426 | C96: HERMES | D96: EUREAU-SOURCES | E96: 30.06.2026 | F96: 2481.8 | G96: =F96*0.2 -> 496.36 | H96: =F96+G96 -> 2978.16 | I96: Payé le 03.07.2026
A97: 30.04.2026 | B97: 3981-0426 | C97: MAROLLES | D97: EUREAU-SOURCES | E97: 30.06.2026 | F97: 4333.08 | G97: =F97*0.2 -> 866.616 | H97: =F97+G97 -> 5199.696 | I97: Payé le 03.07.2026
H98: =F98+G98 -> 0
A99: TOTAL | F99: =SUM(F77:F98) -> 104505.76 | G99: =SUM(G77:G98) -> 17853.432 | H99: =SUM(H77:H98) -> 122359.19
A100: MAI
A101: 12.05.2026 | B101: 3982-0526 | C101: JPC260502 | D101: REVIPLAST | E101: 26.06.2026 | F101: 671.4 | G101: =F101*0.2 -> 134.28 | H101: =F101+G101 -> 805.68 | I101: Payé le 31.07.2026
A102: 12.05.2026 | B102: 3983-0526 | C102: JPC260502 | D102: GEMINI | E102: 12.06.2026 | F102: 1227.6 | G102: 0 | H102: =F102+G102 -> 1227.6 | I102: Payé le 10.06.2026
A103: 12.05.2026 | B103: 3984-0526 | C103: SL260410 | D103: PMG VEOLIA | E103: 11.06.2026 | F103: 3300 | G103: =F103*0.2 -> 660 | H103: =F103+G103 -> 3960 | I103: Payé le 15.06.2026
A104: 12.05.2026 | B104: 3985-0526 | C104: SL260408 | D104: GEMINI | E104: 11.06.2026 | F104: 1217.4 | G104: 0 | H104: =F104+G104 -> 1217.4 | I104: Payé le 09.06.2026
A105: 12.05.2026 | B105: 3986-0526 | C105: SL260409 | D105: GEMINI | E105: 11.06.2026 | F105: 1470.5 | G105: 0 | H105: =F105+G105 -> 1470.5 | I105: Payé le 09.06.2026
A106: 12.05.2026 | B106: 3987-0526 | C106: SL260413 | D106: Eureausources Monteux | E106: 30.06.2026 | F106: 640 | G106: =F106*0.2 -> 128 | H106: =F106+G106 -> 768 | I106: Payé le 03.07.2026
...

Sheet FOURNISSEURS
A1: FOURNISSEURS
A3: DATE | B3: N° de facture | C3: TRANSAC | D3: FOURNISSEUR | E3: Échéances | F3: HT | G3: TVA | H3: TTC | I3: Réglé
A5: JANVIER
A7: 12.01.2026 | B7: FA010528 | C7: JCP260103 | D7: REVIPLAST | E7: 26.02.2026 | F7: 635.2 | G7: =F7*0.2 -> 127.04 | H7: =F7+G7 -> 762.24 | I7: Payé le 02.03.2026
A8: 13.01.2026 | B8: FA010531 | C8: JPC260108 | D8: REVIPLAST | E8: 27.02.2026 | F8: 614.4 | G8: =F8*0.2 -> 122.88 | H8: =F8+G8 -> 737.28 | I8: Payé le 02.03.2026
A9: 15.01.2026 | B9: V/BBOR600020 | C9: JPC251212, 251207 & 251202 | D9: BUTIN | E9: 16.03.2026 | F9: 276.95 | G9: 0 | H9: =F9+G9 -> 276.95 | I9: Payé le 17.03.2026
A10: 22.01.2026 | B10: CIN0149242 | C10: SL260103 | D10: FLEXICO | E10: 21.02.2026 | F10: 17660.25 | G10: =F10*20% -> 3532.05 | H10: =SUM(F10:G10) -> 21192.3 | I10: Payé le 23.02.2026
A11: 26.01.2026 | B11: FA010550 | C11: JPC260111 | D11: REVIPLAST | E11: 13.03.2026 | F11: 499.2 | G11: 99.84 | H11: =SUM(F11:G11) -> 599.04 | I11: Payé le 17.03.2026
A12: 27.01.2026 | B12: 903353 | C12: SL2601XX - TAF Poubelles Agglo 60 | D12: ARFP | E12: 15.03.2026 | F12: 1201.6 | G12: 7.68 | H12: =SUM(F12:G12) -> 1209.28 | I12: Payé le 17.03.2026
A13: 27.01.2026 | B13: FA010551 | C13: JPC260104 | D13: REVIPLAST | E13: 13.03.2026 | F13: 8445.9 | G13: =F13*0.2 -> 1689.18 | H13: =SUM(F13:G13) -> 10135.08 | I13: Payé le 17.03.2026
A14: 29.01.2026 | B14: 1260010 | C14: SL260101 | D14: F.E.R | E14: 28.02.2026 | F14: 1063.4 | G14: 0 | H14: 1063.4 | I14: Payé le 02.03.2026
A15: 30.01.2026 | B15: 602028 | C15: SL260102 | D15: VALPLAST | E15: 28.02.2026 | F15: 13618.25 | G15: =F15*20% -> 2723.65 | H15: =SUM(F15:G15) -> 16341.9 | I15: Payé le 19.03.2026
A16: 30.01.2026 | B16: FA010562 | C16: JPC260106 | D16: REVIPLAST | E16: 16.03.2026 | F16: 13927.41 | G16: =F16*20% -> 2785.482 | H16: =SUM(F16:G16) -> 16712.892 | I16: Payé le 17.03.2026
A25: TOTAL | F25: =SUM(F6:F24) -> 57942.56 | G25: =SUM(G6:G24) -> 11087.802 | H25: =SUM(H6:H24) -> 69030.362
A26: FEVRIER
A27: 13.02.2026 | B27: FA010652 | C27: JPC260207 | D27: REVIPLAST | E27: 30.03.2026 | F27: 533.05 | G27: =F27*0.2 -> 106.61 | H27: =F27+G27 -> 639.66 | I27: Payé le 30.03.2026
A28: 16.02.2026 | B28: 02260006 | C28: SL260202 | D28: F.E.R | E28: 16.03.2026 | F28: 1651.6 | G28: 0 | H28: =SUM(F28:G28) -> 1651.6 | I28: Payé le 17.03.2026
A29: 18.02.2026 | B29: 903366 | C29: SL260201 | D29: ARFP | E29: 30.04.2026 | F29: 994.62 | G29: 11.4 | H29: =SUM(F29:G29) -> 1006.02 | I29: Payé le 07.05.2026
A30: 18.02.2026 | B30: 903365 | C30: JPC260204 | D30: ARFP | E30: 30.04.2026 | F30: 1753.05 | G30: 0 | H30: =F30+G30 -> 1753.05 | I30: Payé le 07.05.2026
A31: 24.02.2026 | B31: 903371 | C31: JPC260209 | D31: ARFP | E31: 30.04.2026 | F31: 12857.4 | G31: =F31*0.2 -> 2571.48 | H31: =F31+G31 -> 15428.88 | I31: Payé le 07.05.2026
A32: 25.02.2025 | B32: 903378 | C32: JPC260213 | D32: ARFP | E32: 30.04.2025 | F32: 3288 | G32: 0 | H32: =F32+G32 -> 3288 | I32: Payé le 07.05.2026
A33: 25.02.2025 | B33: 903377 | C33: JPC260208 | D33: ARFP | E33: 30.04.2026 | F33: 14767.5 | G33: =F33*0.2 -> 2953.5 | H33: =F33+G33 -> 17721 | I33: Payé le 07.05.2026
A34: 25.02.2026 | B34: P/BBOR600183 | C34: Prestation Janvier HERMES | D34: BUTIN | E34: 26.04.2026 | F34: 936.29 | G34: =F34*0.2 -> 187.258 | H34: =F34+G34 -> 1123.548 | I34: Payé le 11.06.2026
A35: 25.02.2026 | B35: P/BBOR600182 | C35: Prestation Janvier MAROLLES | D35: BUTIN | E35: 26.04.2026 | F35: 4360.67 | G35: =F35*0.2 -> 872.134 | H35: =F35+G35 -> 5232.804 | I35: Payé le 11.06.2026
A36: 28.02.2026 | B36: 903384 | C36: JPC216602 | D36: ARFP | E36: 30.04.2026 | F36: 1580.25 | G36: 0 | H36: =F36+G36 -> 1580.25 | I36: Payé le 07.05.2026
A37: 28.02.2026 | B37: 903382 | C37: JPC260215 | D37: ARFP | E37: 30.04.2026 | F37: 1660.25 | G37: 0 | H37: =F37+G37 -> 1660.25 | I37: Payé le 07.05.2026
A38: 28.02.2026 | B38: 02260194 | C38: SL260207 | D38: F.E.R | E38: 28.03.2026 | F38: 2179.1 | G38: 0 | H38: =F38+G38 -> 2179.1 | I38: Payé le 30.03.2026
A39: 28.02.2026 | B39: NAN26020849 | C39: SL260203, SL260204, SL260205, SL260208 | D39: PAPREC PLASTIQUES | E39: 29.04.2026 | F39: 33505.94 | G39: =F39*20% -> 6701.188 | H39: =SUM(F39:G39) -> 40207.128 | I39: Payé le 27.04 pour échéance
A40: 28.02.2026 | B40: RC0226156 | C40: SL260206 | D40: DCDIS | E40: 30.03.2026 | F40: 315 | G40: =F40*20% -> 63 | H40: =SUM(F40:G40) -> 378 | I40: Payé le 07.04.2026
A49: TOTAL | F49: =SUM(F27:F48) -> 80382.72 | G49: =SUM(G27:G48) -> 13466.57 | H49: =SUM(H27:H48) -> 93849.29
A50: MARS
A52: 06.03.2026 | B52: FA010758 | C52: JPC260303 | D52: REVIPLAST | E52: 20.04.2026 | F52: 625.8 | G52: =F52*0.2 -> 125.16 | H52: =F52+G52 -> 750.96 | I52: Payé le 20.04.2026
A53: 11.03.2026 | B53: FA010765 | C53: JPC260308 | D53: REVIPLAST | E53: 25.04.2026 | F53: 935.1 | G53: =F53*0.2 -> 187.02 | H53: =F53+G53 -> 1122.12 | I53: Payé le 20.04.2026 pour échéance
A54: 18.03.2026 | B54: 3260012 | C54: SL260301 | D54: F.E.R | E54: 18.04.2026 | F54: 1405.4 | G54: 0 | H54: =F54+G54 -> 1405.4 | I54: Payé le 13.04.2026 pour échéance
A55: 20.03.2026 | B55: P/BBOR600685 | C55: Prestation FÉVRIER HERMES | D55: BUTIN | E55: 19.05.2026 | F55: 974.7 | G55: 194.94 | H55: =F55+G55 -> 1169.64 | I55: Payé le 18.05.2026 pour échéance
A56: 20.03.2026 | B56: P/BBOR600686 | C56: Prestation FÉVRIER MAROLLES | D56: BUTIN | E56: 19.05.2026 | F56: 3730.48 | G56: =F56*0.2 -> 746.096 | H56: =F56+G56 -> 4476.576 | I56: Payé le 18.05.2026 pour échéance
A57: 23.03.2026 | B57: FA010796 | C57: JPC260311 | D57: REVIPLAST | E57: 07.05.2026 | F57: 813.2 | G57: =F57*0.2 -> 162.64 | H57: =F57+G57 -> 975.84 | I57: Payé le 07.05.2026
A58: 27.03.2026 | B58: NAN26030621 | C58: SL260203 | D58: PAPREC | E58: IMMEDIAT | F58: -71.75 | G58: -14.35 | H58: =F58+G58 -> -86.1 | I58: Déduit le 27.04.2026 sur/facture nº26020849
A59: 30.03.2026 | B59: 903394 | C59: JPC260309 | D59: ARFP | E59: 15.05.2026 | F59: 1596.45 | G59: 0 | H59: =F59+G59 -> 1596.45 | I59: Payé le 18.05.2026
A60: 31.03.2026 | B60: NAN26030750 | C60: SL260303 | D60: PAPREC | E60: 30.05.2026 | F60: 1884.8 | G60: 0 | H60: =F60+G60 -> 1884.8 | I60: Payé le 01.06.2026
A61: 31.03.2026 | B61: NAN26030758 | C61: SL260302 | D61: PAPREC | E61: 30.05.2026 | F61: 10033.28 | G61: =F61*20% -> 2006.656 | H61: =F61+G61 -> 12039.936 | I61: Payé le 01.06.2026 - AVOIR N° NAN26030758 déduit
A62: 31.03.2026 | B62: P/BBOR601404 | C62: Prestation MARS MAROLLES | D62: BUTIN | E62: 30.05.2025 | F62: 5105.76 | G62: 1021.15 | H62: =F62+G62 -> 6126.91 | I62: Payé le 01.06.2026
A63: 31.03.2026 | B63: P/BBOR601403 | C63: Prestation MARS HERMES | D63: BUTIN | E63: 30.05.2026 | F63: 1463.28 | G63: 292.66 | H63: =F63+G63 -> 1755.94 | I63: Payé le 01.06.2026
A64: 31.03.2026 | B64: V/BBOR601604 | C64: BRM Janvier 2026 | D64: BUTIN | E64: 30.05.2026 | F64: 3229.35 | G64: 0 | H64: =F64+G64 -> 3229.35 | I64: Payé le 01.06.2026
A65: 31.03.2026 | B65: V/BBOR601605 | C65: BRM Février 2026 | D65: BUTIN | E65: 30.05.2026 | F65: 8992.05 | G65: 0 | H65: =F65+G65 -> 8992.05 | I65: Payé le 01.06.2026
A66: 31.03.2026 | B66: V/BBOR601606 | C66: BRM Mars 2026 | D66: BUTIN | E66: 30.05.2026 | F66: 4918.2 | G66: 0 | H66: =F66+G66 -> 4918.2 | I66: Payé le 01.06.2026
H67: =F67+G67 -> 0
H68: =F68+G68 -> 0
A70: TOTAL | F70: =SUM(F52:F69) -> 45636.1 | G70: =SUM(G52:G69) -> 4721.972 | H70: =SUM(H52:H69) -> 50358.072
A71: AVRIL
A72: 01.04.2026 | B72: FA010903 | C72: JPC260313 | D72: REVIPLAST | E72: 16.05.2026 | F72: 8989.26 | G72: =F72*0.2 -> 1797.852 | H72: =F72+G72 -> 10787.112 | I72: Payé le 11.05.2026
A73: 03.04.2026 | B73: FA010909 | C73: JPC260315 | D73: REVIPLAST | E73: 18.05.2026 | F73: 918 | G73: =F73*0.2 -> 183.6 | H73: =F73+G73 -> 1101.6 | I73: Payé le 11.05.2026
A74: 10.04.2026 | B74: FA010918 | C74: JPC260404 | D74: REVIPLAST | E74: 25.05.2026 | F74: 1054.2 | G74: =F74*0.2 -> 210.84 | H74: =F74+G74 -> 1265.04 | I74: Payé le 11.05.2026 pour échéance
A75: 11.04.2026 | B75: 43426 2026 22 52 | C75: BRM 28.09.23 au 25.01.2024 | D75: COM AGGLO BEAUVAIS | E75: 13.05.2026 | F75: 1706.8 | G75: 0 | H75: 1706.8 | I75: Payé le 11.05.2026 pour échéance
A76: 11.04.2026 | B76: 43426 2026 22 50 | C76: BRM Avril 2024 | D76: COM AGGLO BEAUVAIS | E76: 13.05.2026 | F76: 620 | G76: 0 | H76: 620 | I76: Payé le 11.05.2026 pour échéance
A77: 11.04.2026 | B77: 43426 2026 22 49 | C77: BRM du 01.07.24 au 31.10.24 | D77: COM AGGLO BEAUVAIS | E77: 13.05.2026 | F77: 1144 | G77: 0 | H77: 1144 | I77: Payé le 11.05.2026 pour échéance
A78: 11.04.2026 | B78: 43426 2026 22 51 | C78: BRM de Juin 2025 | D78: COM AGGLO BEAUVAIS | E78: 14.05.2026 | F78: 382.8 | G78: 0 | H78: 382.8 | I78: Payé le 11.05.2026 pour échéance
A79: 21.04.2026 | B79: NAN26040333 | C79: SL260302 | D79: PAPREC | E79: 30.05.2026 | F79: -4810.39 | G79: =F79*20% -> -962.078 | H79: =SUM(F79:G79) -> -5772.468 | I79: Déduit le 01.06.2026 s/ NAN26030758
A80: 24.04.2026 | B80: FA010967 | C80: JPC260407 | D80: REVIPLAST | E80: 08.06.2026 | F80: 3481.3 | G80: =F80*0.2 -> 696.26 | H80: =F80+G80 -> 4177.56 | I80: Payé le 08.06.2026
A81: 24.04.2026 | B81: NAN26040420 | C81: SL260402 | D81: PAPREC | E81: 23.06.2026 | F81: 7170.1 | G81: =F81*20% -> 1434.02 | H81: =SUM(F81:G81) -> 8604.12 | I81: Payé le 29.06.2026
A82: 27.04.2026 | B82: 4260012 | C82: SL260407 | D82: F.E.R | E82: 27.05.2026 | F82: 2463 | G82: 0 | H82: 2463 | I82: Payé le 26.05.2026
A83: 27.04.2026 | B83: FA010970 | C83: JPC260405 | D83: REVIPLAST | E83: 11.06.2026 | F83: 15768.9 | G83: =F83*0.2 -> 3153.78 | H83: =F83+G83 -> 18922.68 | I83: Payé le 08.06.2026 pour échéance
A84: 27.04.2026 | B84: FA010969 | C84: JPC260411 | D84: REVIPLAST | E84: 11.06.2026 | F84: 240.8 | G84: =F84*0.2 -> 48.16 | H84: =F84+G84 -> 288.96 | I84: Payé le 08.06.2026 pour échéance
A85: 29.04.2026 | B85: 903418 | C85: JPC260401 | D85: ARFP | E85: 15.06.2026 | F85: 14358.3 | G85: =F85*0.2 -> 2871.66 | H85: =F85+G85 -> 17229.96 | I85: Payé le 15.10.2026 2376 € suit avoir nº 903539 sur MEG
A86: 30.04.2026 | B86: NAN26040629 | C86: SL260403 | D86: PAPREC | E86: 29.06.2026 | F86: 7382.9 | G86: =F86*0.2 -> 1476.58 | H86: =F86+G86 -> 8859.48 | I86: Payé le 29.06.2026
A87: 30.04.2026 | B87: 704163 | C87: SL260410 | D87: RECYTHERM | E87: 30.06.2026 | F87: 1500 | G87: =F87*0.2 -> 300 | H87: =F87+G87 -> 1800 | I87: Payé le 29.06.2026
A88: 30.04.2026 | B88: P/BBOR601762 | C88: Prestations MAROLLES | D88: BUTIN | E88: 29.06.2026 | F88: 3529.77 | G88: =F88*0.2 -> 705.954 | H88: =F88+G88 -> 4235.724 | I88: Payé le 29.06.2026
A89: 30.04.2026 | B89: P/BBOR601763 | C89: Prestations HERMES | D89: BUTIN | E89: 29.06.2026 | F89: 1887.26 | G89: =F89*0.2 -> 377.452 | H89: =F89+G89 -> 2264.712 | I89: Payé le 29.06.2026
A103: TOTAL | F103: =SUM(F72:F101) -> 67787 | G103: =SUM(G72:G101) -> 12294.08 | H103: =SUM(H72:H101) -> 80081.08
A104: MAI
A105: 29.05.2026 | B105: 903437 | C105: JPC260507 | D105: ARFP | E105: 15.07.2026 | F105: 2414.25 | G105: 0 | H105: =F105+G105 -> 2414.25 | I105: Payé le 20.07.2026
A106: 31.05.3036 | B106: BIV-F-2605-1767 | C106: SL260503 | D106: VACHER | E106: 15.08.2026 | F106: 4544.8 | G106: 0 | H106: =F106+G106 -> 4544.8 | I106: Payé le 17.08.2026
A107: 31.05.2026 | B107: P/BBOR602405 | C107: PRESTATIONS MAROLLES | D107: BUTIN | E107: 30.07.2026 | F107: 2880.63 | G107: =F107*0.2 -> 576.126 | H107: =F107+G107 -> 3456.756 | I107: Payé le 05.08.2026 4544,80 € au lieu de 4936,97
A108: 31.05.2026 | B108: P/BBOR602406 | C108: PRESTATIONS HERMES | D108: BUTIN | E108: 30.07.2026 | F108: 1233.51 | G108: =F108*0.2 -> 246.702 | H108: =F108+G108 -> 1480.212 | I108: Payé le 05.08.2026 4544,80 € au lieu de 4936,97
A109: 31.05.2026 | B109: 903452 | C109: SL260413 | D109: ARFP | E109: 15.07.2026 | F109: 237.6 | G109: =F109*20% -> 47.52 | H109: =SUM(F109:G109) -> 285.12 | I109: Payé le 20.07.2026
A110: 31.05.2026 | B110: RC0526160 | C110: SL260408 et SL260409 | D110: DCDIS (DRV) | E110: 30.06.2026 | F110: 177.5 | G110: =F110*20% -> 35.5 | H110: =SUM(F110:G110) -> 213 | I110: Payé le 07.07.2026
A117: TOTAL | F117: =SUM(F105:F116) -> 11488.29 | G117: =SUM(G105:G116) -> 905.848 | H117: =SUM(H105:H116) -> 12394.138
A118: JUIN
A120: 16.06.2026 | B120: CIN0153709 | C120: SL260603 | D120: FLEXICO | E120: 16.07.2026 | F120: 9612.58 | G120: =F120*20% -> 1922.516 | H120: =SUM(F120:G120) -> 11535.096 | I120: Payé le 20.07.2026
A121: 23.06.2026 | B121: FA011201 | C121: JPC260607 | D121: REVIPLAST | E121: 07.08.2026 | F121: 425.6 | G121: =F121*20% -> 85.12 | H121: =SUM(F121:G121) -> 510.72 | I121: Payé le 05.08.2026
A122: 26.06.2026 | B122: FA011214 | C122: JPC260603 | D122: REVIPLAST | E122: 10.08.2026 | F122: 11230.06 | G122: =F122*20% -> 2246.012 | H122: =SUM(F122:G122) -> 13476.072 | I122: Payé le 17.08.2026
A123: 30.06.2026 | B123: P/BBOR602832 | C123: Prestation Juin MAROLLES | D123: BUTIN | E123: 29.08.2026 | F123: 4949.99 | G123: =F123*20% -> 989.998 | H123: =SUM(F123:G123) -> 5939.988 | I123: Payé le 28.08.2026
A124: 30.06.2026 | B124: 903469 | C124: JPC260203 | D124: ARFP | E124: 15.08.2026 | F124: 10423.2 | G124: =F124*20% -> 2084.64 | H124: =SUM(F124:G124) -> 12507.84
A125: 30.06.2026 | B125: P/BBOR602833 | C125: Prestation Juin HERMES | D125: BUTIN | E125: 29.08.2026 | F125: 2041.64 | G125: =F125*20% -> 408.328 | H125: =SUM(F125:G125) -> 2449.968 | I125: Payé le 28.08.2026
A126: 30.06.2026 | B126: 6260218 | C126: SL260606 | D126: F.E.R | E126: 30.07.2026 | F126: 1229.73 | G126: 0 | H126: =SUM(F126:G126) -> 1229.73 | I126: Payé le 27.07.2026 pour échéance
A127: 30.06.2026 | B127: 903458 | C127: SL260701 ( Stock au 30.06) | D127: ARFP | E127: 15.08.2026 | F127: 2945.25 | G127: 0 | H127: =SUM(F127:G127) -> 2945.25 | I127: Payé le 17.08.2026 - Baf Caisses Autoliv
G128: =F128*20% -> 0 | H128: =SUM(F128:G128) -> 0
G129: =F129*20% -> 0 | H129: =SUM(F129:G129) -> 0
G130: =F130*20% -> 0 | H130: =SUM(F130:G130) -> 0
G131: =F131*20% -> 0 | H131: =SUM(F131:G131) -> 0
G132: =F132*20% -> 0 | H132: =SUM(F132:G132) -> 0
A134: TOTAL | F134: =SUM(F119:F133) -> 42858.05 | G134: =SUM(G119:G133) -> 7736.614 | H134: =SUM(H120:H133) -> 50594.664
A135: JUILLET
A136: 02.07.2026 | B136: FA011299 | C136: JPC260701 | D136: REVIPLAST | E136: 16.08.2026 | F136: 415.2 | G136: 83.04 | H136: =F136+G136 -> 498.24 | I136: Payé le 17.08.2026
A137: 13.07.2026 | B137: FA011308 | C137: JPC20703 | D137: REVIPLAST | E137: 27.08.2026 | F137: 413.6 | G137: =F137*0.2 -> 82.72 | H137: =F137+G137 -> 496.32 | I137: Payé le 28.08.2026
A157: TOTAL | F157: =SUM(F136:F156) -> 828.8 | G157: =SUM(G136:G156) -> 165.76 | H157: =SUM(H136:H156) -> 994.56
A158: AOUT
A173: TOTAL | F173: =SUM(F159:F172) -> 0 | G173: =SUM(G159:G172) -> 0 | H173: =SUM(H159:H172) -> 0
A174: SEPTEMBRE
A198: TOTAL | F198: =SUM(F175:F197) -> 0 | G198: =SUM(G175:G197) -> 0 | H198: =SUM(H175:H197) -> 0
...

Sheet TRANSPORTEURS
A1: TRANSPORTEURS
A3: Date doc. | B3: N° Facture | C3: TRANSPORTEURS | D3: Échéances | E3: Montant HT | F3: TVA | G3: TTC | H3: Commentaires
A5: JANVIER
A7: 26.01.2026 | B7: 2026-01-0587 | C7: LAMBERT TVSL | D7: 12.03.2026 | E7: 350 | F7: 0 | G7: 350 | H7: Payé le 10.03.2026 - SL260101
A8: 31.01.2026 | B8: B2601103 | C8: LMIF | D8: 02.03.2026 | E8: 1100 | F8: =E8*20% -> 220 | G8: =SUM(E8:F8) -> 1320 | H8: Payé le 10.03.2026 - JPC260101, JPC260107, JPC260109, JPC260110, JPC260112
A9: 31.01.2026 | B9: 260100237 | C9: FERTRANS | D9: 02.03.2025 | E9: 5930 | F9: 1186 | G9: =SUM(E9:F9) -> 7116 | H9: Payé le 02.03.2026 - JPC260103,0108,0111,0104,SL260102,0105,0104, JPC260113,0106
A10: 31.01.2026 | B10: 10810308 | C10: TNT FEDEX | D10: 02.03.2026 | E10: 74.47 | F10: 14.89 | G10: =SUM(E10:F10) -> 89.36 | H10: Echantillons PA ARFP --> MABITAL du 16.01.2026 / Prélèvement à l'échéance
A21: TOTAL | E21: =SUM(E6:E20) -> 7454.47 | F21: =SUM(F6:F20) -> 1420.89 | G21: =SUM(G6:G20) -> 8875.36
A22: FEVRIER
A24: 09.02.2026 | B24: 2026020250 | C24: LAMBERT TVSL | D24: 26.03.2026 | E24: 350 | F24: 0 | G24: 350 | H24: Payé le 02.03.2026 - SL260202
A25: 23.02.2026 | B25: 2026020832 | C25: LAMBERT TVSL | D25: 09.04.2026 | E25: 350 | F25: 0 | G25: 350 | H25: Payé le 07.04.2026 - SL260206
A26: 27.02.2026 | B26: 2026021111 | C26: LAMBERT TVSL | D26: 13.04.2026 | E26: 350 | F26: 0 | G26: 350 | H26: Payé le 12.05.2025
A27: 28.02.2026 | B27: F_2026_02_36 | C27: PILLON | D27: 30.03.2026 | E27: 360 | F27: =E27*0.2 -> 72 | G27: =E27+F27 -> 432 | H27: Payé le 30.03.2026 - SL260201
A28: 28.02.2026 | B28: 260200665 | C28: FERTRANS | D28: 30.03.2026 | E28: 7150 | F28: 1430 | G28: =E28+F28 -> 8580 | H28: Payé le 30.03.2026 - SL260203, 0204, 0205, 0208, JPC260207, 0209, 0208, 0210, 0213, 0205
A29: 28.02.2026 | B29: B2602211 | C29: LMIF | D29: 30.03.2026 | E29: 2332.75 | F29: =E29*20% -> 466.55 | G29: =SUM(E29:F29) -> 2799.3 | H29: Payé le 30.03.2026 - JPC260201, JPC260204, JPC260202, JPC260212, JPC260214, JPC260215, JPC260211
A36: TOTAL | E36: =SUM(E23:E35) -> 10892.75 | F36: =SUM(F23:F35) -> 1968.55 | G36: =SUM(G23:G35) -> 12861.3
A37: MARS
A38: 06.03.2026 | B38: 2026030039 | C38: LAMBERT TVSL | D38: 20.04.2026 | E38: 350 | F38: 0 | G38: 350 | H38: Payé le 20.01.2026 - SL260301
A39: 12.03.2026 | B39: 2026030358 | C39: LAMBERT TVSL | D39: 26.04.2026 | E39: 450 | F39: 0 | G39: 450 | H39: Payé le 27.04.2026 - JPC260304
A40: 27.03.2026 | B40: 2026031200 | C40: LAMBERT TVSL | D40: 11.05.2026 | E40: 700 | F40: 0 | G40: 700 | H40: Payé le 11.05.2026 - SL260306
A41: 31.03.2026 | B41: 260301031 | C41: FERTRANS | D41: 30.04.2026 | E41: 7735 | F41: 1547 | G41: =E41+F41 -> 9282 | H41: Payé le 27.04.2026 pour échéance - JPC260302, 260303, 260308, 260305, 260310, 260312, 260311, SL260303, 260304, 260305, 260302
A42: 31.03.2026 | B42: B2603202 | C42: LMIF | D42: 30.04.2026 | E42: 1768 | F42: =E42*20% -> 353.6 | G42: =SUM(E42:F42) -> 2121.6 | H42: Payé le 27.04.2026 pour échéance -
A50: TOTAL | E50: =SUM(E38:E49) -> 11003 | F50: =SUM(F38:F49) -> 1900.6 | G50: =SUM(G38:G49) -> 12903.6
A51: AVRIL
A53: 30.04.2026 | B53: 260401577 | C53: FERTRANS | D53: 30.05.2026 | E53: 12430 | F53: =E53*0.2 -> 2486 | G53: =E53+F53 -> 14916 | H53: Payé le 01.06.2026
A54: 30.04.2026 | B54: B2604174 | C54: LMIF | D54: 30.05.2026 | E54: 538 | F54: =E54*20% -> 107.6 | G54: =SUM(E54:F54) -> 645.6 | H54: Payé le 01.06.2026 - JPC260206, JPC260412BIS,
A65: TOTAL | E65: =SUM(E52:E64) -> 12968 | F65: =SUM(F52:F64) -> 2593.6 | G65: =SUM(G52:G64) -> 15561.6
A66: MAI
A68: 31.05.2026 | B68: B2605074 | C68: LMIF | D68: 30.06.2026 | E68: 718 | F68: =E68*20% -> 143.6 | G68: =SUM(E68:F68) -> 861.6 | H68: Payé le 29.06.2026 - JPC260507, JPC260504
A69: 31.05.2026 | B69: F_2026_05_6 | C69: PILLON TRANSPORTS | D69: 30.06.2026 | E69: 360 | F69: =E69*20% -> 72 | G69: =SUM(E69:F69) -> 432 | H69: Payé le 29.06.2026 - Agglo Beauvais du 5.05.2026
A70: 31.05.2026 | B70: 260501999 | C70: FERTRANS | D70: 30.06.2026 | E70: 8565 | F70: 1713 | G70: =E70+F70 -> 10278 | H70: Payé le 29.06.2026
A72: TOTAL | E72: =SUM(E67:E71) -> 9643 | F72: =SUM(F67:F71) -> 1928.6 | G72: =SUM(G67:G71) -> 11571.6
A73: JUIIN
A75: 30.06.2026 | B75: 260602310 | C75: FERTRANS | D75: 30.07.2026 | E75: 9400 | F75: 1880 | G75: =E75+F75 -> 11280 | H75: Payé le 05.08.2026
A76: 30.06.2026 | B76: B2606163 | C76: LMIF | D76: 30.07.2026 | E76: 1218 | F76: =E76*20% -> 243.6 | G76: =SUM(E76:F76) -> 1461.6 | H76: Payé le 05.08.2026 - JPC260601, JPC260608, SL260605, JPC260610,
A77: 30.06.2026 | B77: 20260656 | C77: DIMA SERVICES | D77: 30.07.2026 | E77: 320 | F77: =E77*20% -> 64 | G77: =SUM(E77:F77) -> 384 | H77: Payé le 05.08.2026 - SL260601
A85: TOTAL | E85: =SUM(E74:E84) -> 10938 | F85: =SUM(F74:F84) -> 2187.6 | G85: =SUM(G74:G84) -> 13125.6
A86: JUILLET 2024
A96: TOTAL | E96: =SUM(E87:E95) -> 0 | F96: =SUM(F87:F95) -> 0 | G96: =SUM(G87:G95) -> 0
A97: AOUT 2024
C112: TOTAL | E112: =SUM(E98:E111) -> 0 | F112: =SUM(F98:F111) -> 0 | G112: =SUM(G98:G111) -> 0
A113: SEPTEMBRE 2024
C130: TOTAL | E130: =SUM(E114:E129) -> 0 | F130: =SUM(F114:F129) -> 0 | G130: =SUM(G114:G128) -> 0
A131: OCTOBRE 2025
C156: TOTAL | E156: =SUM(E132:E155) -> 0 | F156: =SUM(F132:F144) -> 0 | G156: =SUM(G132:G144) -> 0
A157: NOVEMBRE 2025
C172: TOTAL | E172: =SUM(E158:E171) -> 0 | F172: =SUM(F158:F171) -> 0 | G172: =SUM(G158:G171) -> 0
A173: DECEMBRE 2024
C187: TOTAL | E187: =SUM(E174:E186) -> 0 | F187: =SUM(F174:F186) -> 0 | G187: =SUM(G174:G186) -> 0

Sheet Frais GÉ
A1: FRAIS GÉNÉRAUX
A3: Date doc. | B3: N° Facture | C3: PRESTATAIRES | D3: Échéances | E3: Montant HT | F3: TVA | G3: TTC | H3: Réglé | I3: Commentaires
A5: JANVIER
A6: 01.01.2026 | B6: 202601-00976 | C6: MOBIFLEET | D6: 01.01.2026 | E6: 382.67 | F6: 76.53 | G6: =F6+E6 -> 459.2 | H6: X | I6: Prélèvement
A7: 07.01.2026 | B7: 1 556 | C7: DEGENEVE | D7: IMMÉDIAT | E7: 180 | F7: 36 | G7: =F7+E7 -> 216 | H7: X | I7: Payé le 07.01.2026
A8: 07.01.2026 | B8: 143001843 | C8: FCN BEAUVAIS - 1 S/6 | D8: IMMÉDIAT | E8: 1059.99 | F8: =E8*0.2 -> 211.998 | G8: =E8+F8 -> 1271.988 | H8: X | I8: Prélèvement
A9: 28.01.2026 | B9: 755 000424248 | C9: COFICA BAIL | D9: IMMEDIAT | E9: 1092.89 | F9: 204.58 | G9: =SUM(E9:F9) -> 1297.47 | H9: X | I9: Prélèvement
A10: 31.01.2026 | B10: 01/2026 | C10: NDF Séverine Janvier 26 | D10: Immédiat | E10: 395.55 | F10: 44.26 | G10: =SUM(E10:F10) -> 439.81 | H10: X | I10: Payé le 03.02.2026
A11: 31.01.2026 | B11: 0001-0126 | C11: SCPF CABROL | D11: IMMEDIAT | E11: 4040.84 | F11: =E11*0.2 -> 808.168 | G11: =E11+F11 -> 4849.008 | H11: X | I11: Payé le 03.02.2026
A12: 31.01.2026 | B12: Loyer bureau EDEAL | C12: Séverine LEFFRAY | D12: IMMEDIAT | E12: 420 | F12: 84 | G12: 504 | H12: X | I12: Payé le 03.03.2026
A16: TOTAL | E16: =SUM(E6:E15) -> 7571.94 | F16: =SUM(F6:F15) -> 1465.536 | G16: =SUM(G6:G15) -> 9037.476
A17: FEVRIER
A18: 01.02.2026 | B18: 202602-00940 | C18: MOBIFLEET | D18: IMMEDIAT | E18: 382,67 | F18: 76,53 | G18: =E18+F18 -> 459.2 | H18: X | I18: Prélevé
A19: 02.02.2026 | B19: 26007764 | C19: Santé au Travail 72 | D19: IMMEDIAT | E19: 128.5 | F19: 25.7 | G19: =E19+F19 -> 154.2 | H19: X | I19: Payé le 02.02.2026
A20: 25.02.2026 | B20: 755000437677 | C20: COFICA BAIL | D20: IMMEDIAT | E20: 1092.89 | F20: 204.58 | G20: 1297.47 | H20: X | I20: Prélèvement
A21: 28.02.2026 | B21: 0002-0226 | C21: SCPF CABROL | D21: IMMEDIAT | E21: 4000 | F21: =E21*0.2 -> 800 | G21: =E21+F21 -> 4800 | H21: X | I21: Payé le 02.03.2026
A22: 28.02.2026 | B22: 02/2026 | C22: NDF Séverine Février | D22: IMMEDIAT | E22: 159.43 | F22: 23.96 | G22: =E22+F22 -> 183.39 | H22: X | I22: Payé le 06.03.2026
A23: 28.02.2026 | B23: Loyer bureau EDEAL | C23: Séverine LEFFRAY | D23: IMMEDIAT | E23: 420 | F23: 84 | G23: 504 | H23: X | I23: Payé le 03.03.2026
A24: TOTAL | E24: =SUM(E18:E23) -> 5800.82 | F24: =SUM(F18:F23) -> 1138.24 | G24: =SUM(G18:G23) -> 7398.26
A25: MARS
A26: 01.03.2026 | B26: 202603-00915 | C26: MOBIFLEET | D26: IMMEDIAT | E26: 382.67 | F26: 76.53 | G26: =E26+F26 -> 459.2 | H26: X | I26: Prélevé
A27: 02.03.2026 | B27: 143002258 | C27: FCN APPEL Nº2/6 | D27: IMMEDIAT | E27: 999.66 | F27: 200 | G27: =E27+F27 -> 1199.66 | H27: X | I27: Prélevé
A28: 06.03.2026 | B28: 46082 | C28: NDF Séverine Mars | D28: IMMEDIAT | E28: 912.46 | F28: 1.63 | G28: =E28+F28 -> 914.09 | H28: X | I28: Payé le 06.03.2026
A29: 09.03.2026 | B29: 143002439 | C29: FCN | D29: 31.03.2026 | E29: 62 | F29: =E29*20% -> 12.4 | G29: =SUM(E29:F29) -> 74.4 | H29: X | I29: Prélèvement le 31.03 ( Facturation des bulletins de paie de Janvier et Février 26)
A30: 27.03.2026 | B30: 755 000451052 | C30: COFICA BAIL | D30: IMMEDIAT | E30: =G30-F30 -> 1092.89 | F30: 204.58 | G30: 1297.47 | H30: X | I30: Prélèvement
A31: 31.03.2026 | B31: 0003.0326 | C31: SCPF CABROL | D31: 31.03.2026 | E31: 4000 | F31: =E31*0.2 -> 800 | G31: =SUM(E31:F31) -> 4800 | H31: X | I31: Payé le 27.03.2026
A32: 31.03.2026 | B32: LOYER EDEAL MARS | C32: S.LEFFRAY | D32: IMMEDIAT | E32: 420 | F32: 84 | G32: =E32+F32 -> 504 | H32: X | I32: Payé le 13.04.2026
A33: 31.03.2026 | B33: NDF complément MARS | C33: S.LEFFRAY | D33: IMMEDIAT | E33: 228.47 | F33: 38.97 | G33: =E33+F33 -> 267.44 | H33: X | I33: Payé le 13.04.2026
A34: TOTAL | E34: =SUM(E26:E33) -> 8098.15 | F34: =SUM(F26:F33) -> 1418.11 | G34: =SUM(G26:G33) -> 9516.26
A35: AVRIL
A36: 01.04.2026 | B36: 202604-00886 | C36: MOBIFLEET | D36: 01.04.2026 | E36: 382.67 | F36: 76.53 | G36: =E36+F36 -> 459.2 | H36: X | I36: Prélevé
A37: 24.04.2026 | B37: 755 000464565 | C37: COFICA BAIL | D37: IMMEDIAT | E37: =G37-F37 -> 1092.89 | F37: 204.58 | G37: 1297.47 | H37: X | I37: Prélevé
A38: 27.04.2026 | B38: FR-00051594 | C38: SAGE | D38: 27.04.2025 | E38: 25 | F38: =E38*0.2 -> 5 | G38: =E38+F38 -> 30 | H38: X | I38: Prélevé
A39: 28.04.2026 | B39: 143002673 | C39: FCN | D39: 31.05.2026 | E39: 31 | F39: 6.2 | G39: =E39+F39 -> 37.2 | H39: X | I39: Prélevé
A40: 28.04.2026 | B40: 143002673 | C40: FCN Beauvais | D40: 31.05.2026 | E40: 31 | F40: =E40*20% -> 6.2 | G40: =SUM(E40:F40) -> 37.2 | H40: X | I40: Prélèvement le 31.05
A41: 30.04.2026 | B41: 0004-0426 | C41: SCPF CABROL | D41: IMMEDIAT | E41: 4000 | F41: 800 | G41: =E41+F41 -> 4800 | H41: X | I41: Payé le 30.04.2026
A42: 30.04.2026 | B42: LOYER EDEAL AVRIL | C42: S. LEFFRAY | D42: IMMEDIAT | E42: 420 | F42: =E42*20% -> 84 | G42: =SUM(E42:F42) -> 504 | H42: X | I42: Payé le 11.05.2026
A43: 30.04.2026 | B43: NDF Séverine | C43: S.LEFFRAY | D43: IMMEDIAT | E43: 138.46 | F43: 27.7 | G43: =SUM(E43:F43) -> 166.16 | H43: X | I43: Payé le 11.05.2026
A44: TOTAL | E44: =SUM(E36:E43) -> 6121.02 | F44: =SUM(F36:F43) -> 1210.21 | G44: =SUM(G36:G43) -> 7331.23
A45: MAI
A47: 04.05.2026 | B47: 143002747 | C47: FCN - Appel 3/6 | E47: 999.99 | F47: 200 | G47: =E47+F47 -> 1199.99 | H47: X | I47: Prélevé 600,00 € le 31.05 et 599,99 € le 30.06
A48: 27.05.2026 | B48: FR-00056175 | C48: SAGE | D48: 27.05.2026 | E48: 25 | F48: 5 | G48: =E48+F48 -> 30 | H48: X | I48: Prélevé 600,00 € le 31.05 et 599,99 € le 30.06
A49: 28.05.2026 | B49: 755 000476166 | C49: COFICA BAIL | D49: IMMEDIAT | E49: 1092.89 | F49: 204.58 | G49: =SUM(E49:F49) -> 1297.47 | H49: X | I49: Prélevé
A50: 31.05.2026 | B50: NDF 5/2026 | C50: S.LEFFRAY | D50: IMMEDIAT | E50: 580.8 | F50: 65.22 | G50: =SUM(E50:F50) -> 646.02 | H50: X | I50: Payé le 08.06.2026
A51: 31.05.2026 | B51: LOYER MAI E.DEAL | C51: S.LEFFRAY | D51: IMMEDIAT | E51: 420 | F51: 84 | G51: 504 | H51: X | I51: Payé le 08.06.2026
A52: 31.05.2026 | B52: 0005-0526 | C52: SCPF CABROL | D52: IMMEDIAT | E52: 4377 | F52: =E52*0.2 -> 875.4 | G52: =E52+F52 -> 5252.4 | H52: X | I52: Payé le 22.06.2026
A54: TOTAL | E54: =SUM(E46:E53) -> 7495.68 | F54: =SUM(F46:F53) -> 1434.2 | G54: =SUM(G46:G53) -> 8929.88
A55: JUIIN
A56: 01.06.2026 | B56: 202606-00817 | C56: MOBIFLEET | D56: IMMÉDIAT | E56: 382.67 | F56: 76.53 | G56: 459.2 | H56: X | I56: PRÉLEVÉ
A57: 26.06.2026 | B57: 755000491506 | C57: COFICA BAIL | D57: IMMEDIAT | E57: 1092.89 | F57: 204.58 | G57: =SUM(E57:F57) -> 1297.47 | H57: X | I57: Prélèvement
A58: 30.05.2026 | B58: 0006-0626 | C58: SCPF CABROL | D58: IMMÉDIAT | E58: 4000 | F58: =E58*0.2 -> 800 | G58: =E58+F58 -> 4800 | H58: X | I58: Payé le 30.05.2026
A59: 30.06.2026 | B59: LOYER JUIN E.DEAL | C59: S.LEFFRAY | D59: IMMEDIAT | E59: 420 | F59: 84 | G59: 504 | H59: X | I59: Payé le 27.07.2026
A60: 30.06.2026 | B60: NDF 6/2026 | C60: S.LEFFRAY | D60: IMMEDIAT | E60: 145.31 | F60: 23.73 | G60: =SUM(E60:F60) -> 169.04 | H60: X | I60: Payé
A64: TOTAL | E64: =SUM(E56:E63) -> 6040.87 | F64: =SUM(F56:F63) -> 1188.84 | G64: =SUM(G56:G63) -> 7229.71
A65: JUILLET
A66: 01.07.2026 | B66: 202607-00796 | C66: MOBIFLEET | D66: 01.07.2026 | E66: 382.67 | F66: 76.53 | G66: 459.2 | H66: X | I66: Prèlèvement
A67: 01.07.2026 | B67: 143003227 | C67: FCN - APPEL 4/6 | D67: 31.07.2026 | E67: 1030.99 | F67: 206.2 | G67: =E67+F67 -> 1237.19 | H67: X | I67: Prélèvement le 31.07 et 31.08
A81: TOTAL | E81: =SUM(E66:E80) -> 1413.66 | F81: =SUM(F66:F80) -> 282.73 | G81: =SUM(G66:G80) -> 1696.39
A82: AOUT
A100: TOTAL | E100: =SUM(E83:E99) -> 0 | F100: =SUM(F83:F99) -> 0 | G100: =SUM(G83:G99) -> 0
A101: SEPTEMBRE
A119: TOTAL | E119: =SUM(E102:E118) -> 0 | F119: =SUM(F102:F118) -> 0 | G119: =SUM(G102:G117) -> 0
A120: OCTOBRE
A145: TOTAL | E145: =SUM(E121:E144) -> 0 | F145: =SUM(F121:F133) -> 0 | G145: =SUM(G121:G133) -> 0
A146: NOVEMBRE
A160: TOTAL | E160: =SUM(E147:E159) -> 0 | F160: =SUM(F147:F159) -> 0 | G160: =SUM(G147:G159) -> 0
A161: DECEMBRE
A175: TOTAL | E175: =SUM(E162:E174) -> 0 | F175: =SUM(F162:F174) -> 0 | G175: =SUM(G162:G174) -> 0

Sheet SYNTHÈSE
A1: SYNTHÈSE C.A & MARGE C0 | K1: SYNTHÈSE ACHATS
C4: CA 2024 | D4: CA 2025 | E4: % Évolution du CA | G4: Marge CO 2024 | H4: Marge CO 2025 | I4: % Évol M.CO | M4: Fournisseurs | N4: FNP | O4: Transporteurs | P4: FNP
A5: JANVIER | C5: 109693.92 | D5: =CLIENTS!F24 -> 84067 | E5: =(D5-C5)/C5 -> -0.23362206 | G5: ='[1]JANVIER '!L52 -> 12665.555 | H5: =D5-(M5+N5+O5+P5) -> 12902.92 | I5: =(H5-G5)/G5 -> 0.018740987 | K5: JANVIER | M5: =FOURNISSEURS!F25 -> 57942.56 | N5: 5767.05 | O5: =TRANSPORTEURS!E21 -> 7454.47 | P5: 0
A6: FEVRIER | C6: 132158.83 | D6: =CLIENTS!F51 -> 123551.35 | E6: =(D6-C6)/C6 -> -0.065129814 | G6: =[1]FEVRIER!L76 -> 17379.702 | H6: =D6-(M6+N6+O6+P6) -> 31337.88 | I6: =(H6-G6)/G6 -> 0.80313103 | K6: FEVRIER | M6: =FOURNISSEURS!F49 -> 80382.72 | N6: 498 | O6: =TRANSPORTEURS!E36 -> 10892.75 | P6: 440
A7: MARS | C7: 60865.15 | D7: =CLIENTS!F75 -> 44596.16 | E7: =(D7-C7)/C7 -> -0.26729565 | G7: =[1]MARS!L52 -> 8021.3 | H7: =D7-(M7+N7+O7+P7) -> -13275.04 | I7: =(H7-G7)/G7 -> -2.6549736 | K7: MARS | M7: =FOURNISSEURS!F70 -> 45636.1 | N7: 1232.1 | O7: =TRANSPORTEURS!E50 -> 11003 | P7: 0
A8: AVRIL | C8: 132803.08 | D8: =CLIENTS!F99 -> 104505.76 | E8: =(D8-C8)/C8 -> -0.21307729 | G8: =[1]AVRIL!L70 -> 17844.567 | H8: =D8-(M8+N8+O8+P8) -> 23750.76 | I8: =(H8-G8)/G8 -> 0.3309799 | K8: AVRIL | M8: =FOURNISSEURS!F103 -> 67787 | N8: =TRANSPORTEURS!O49 -> 0 | O8: =TRANSPORTEURS!E65 -> 12968 | P8: 0
A9: MAI | C9: 48894 | D9: =CLIENTS!F123 -> 41933.6 | E9: =(D9-C9)/C9 -> -0.14235694 | G9: =[1]MAI!L32 -> 11074.855 | H9: =D9-(M9+N9+O9+P9) -> 20802.31 | I9: =(H9-G9)/G9 -> 0.87833701 | K9: MAI | M9: =FOURNISSEURS!F117 -> 11488.29 | N9: =TRANSPORTEURS!O55 -> 0 | O9: =TRANSPORTEURS!E72 -> 9643 | P9: 0
A10: JUIN | C10: 114652.67 | D10: =CLIENTS!F149 -> 87038.96 | E10: =(D10-C10)/C10 -> -0.24084664 | G10: =[1]JUIN!L84 -> 18808.763 | H10: =D10-(M10+N10+O10+P10) -> 33242.91 | I10: =(H10-G10)/G10 -> 0.76741607 | K10: JUIN | M10: =FOURNISSEURS!F134 -> 42858.05 | N10: =TRANSPORTEURS!O68 -> 0 | O10: =TRANSPORTEURS!E85 -> 10938 | P10: 0
A11: JUILLET | C11: 71363.67 | D11: =CLIENTS!F182 -> 0 | E11: =(D11-C11)/C11 -> -1 | G11: =[1]JUILLET!L61 -> 12535.723 | H11: =D11-(M11+N11+O11+P11) -> -42858.05 | I11: =(H11-G11)/G11 -> -4.4188734 | K11: JUILLET | M11: =FOURNISSEURS!F134 -> 42858.05 | N11: 0 | O11: =TRANSPORTEURS!E96 -> 0 | P11: 0
A12: AOÛT | C12: 57732.67 | D12: =CLIENTS!F199 -> 0 | E12: =(D12-C12)/C12 -> -1 | G12: =[1]AOÛT!L48 -> 9064.255 | H12: =D12-(M12+N12+O12+P12) -> 0 | I12: =(H12-G12)/G12 -> -1 | K12: AOÛT | M12: =FOURNISSEURS!F173 -> 0 | N12: 0 | O12: =TRANSPORTEURS!E112 -> 0 | P12: 0
A13: SEPTEMBRE | C13: 97628.78 | D13: =CLIENTS!F228 -> 0 | E13: =(D13-C13)/C13 -> -1 | G13: ='[1]SEPTEMBRE '!L62 -> 18934.72 | H13: =D13-(M13+N13+O13+P13) -> 0 | I13: =(H13-G13)/G13 -> -1 | K13: SEPTEMBRE | M13: =FOURNISSEURS!F198 -> 0 | N13: 0 | O13: =TRANSPORTEURS!E130 -> 0 | P13: 0
A14: OCTOBRE | C14: 95476.76 | D14: =CLIENTS!F250 -> 0 | E14: =(D14-C14)/C14 -> -1 | G14: =[1]OCTOBRE!L71 -> 18004.515 | H14: =D14-(M14+N14+O14+P14) -> 0 | I14: =(H14-G14)/G14 -> -1 | K14: OCTOBRE | M14: =FOURNISSEURS!F224 -> 0 | N14: 0 | O14: =TRANSPORTEURS!E156 -> 0 | P14: 0
A15: NOVEMBRE | C15: 102090.3 | D15: =[2]Avril!M74 -> 0 | E15: =(D15-C15)/C15 -> -1 | G15: =[1]NOVEMBRE!L48 -> 11760.319 | H15: =[2]Avril!L74 -> 0 | I15: =(H15-G15)/G15 -> -1 | K15: NOVEMBRE | M15: 0 | N15: 0 | P15: 0
A16: DÉCEMBRE | C16: 30387.64 | D16: =[2]Avril!M75 -> 0 | E16: {=E5:F15/12} -> -0.019468505 | F16: 0 | G16: =[1]DÉCEMBRE!$L$34 -> 5565.04 | H16: =[2]Avril!L75 -> 0 | I16: =(H16-G16)/G16 -> -1 | K16: DÉCEMBRE | M16: 0 | N16: 0 | P16: 0
A17: TOTAL | C17: =SUM(C5:C16) -> 1053747.5 | D17: =SUM(D5:D16) -> 485692.83 | E17: -0.0054274845 | F17: 0 | G17: =SUM(G5:G16) -> 161659.31 | H17: =SUM(H5:H16) -> 65903.69 | I17: {=I5:I16/12} -> 0.0015617489 | K17: TOTAL | M17: =SUM(M5:M16) -> 348952.77 | N17: =SUM(N5:N16) -> 7497.15 | O17: =SUM(O5:O16) -> 62899.22
E18: -0.022274638 | F18: 0 | I18: 0.066927586
E19: -0.017756441 | F19: 0 | I19: -0.2212478
E20: -0.011863078 | F20: 0 | I20: 0.027581658
E21: -0.020070553 | F21: 0 | I21: 0.073194751
E22: -0.083333333 | F22: 0 | I22: 0.063951339
E23: -0.083333333 | F23: 0 | I23: -0.36823945
E24: -0.083333333 | F24: 0 | I24: -0.083333333
E25: -0.083333333 | F25: 0 | I25: -0.083333333
E26: -0.083333333 | F26: 0 | I26: -0.083333333
I27: -0.083333333
I28: -0.083333333
